[Event "Nordic Chess-ch 2019"]
[Site "Sarpsborg"]
[Date "2019.06.21"]
[Round "1.3"]
[White "Chatalbashev, Boris"]
[Black "Hamre, Kenneth"]
[Result "1-0"]
[ECO "D36"]
[WhiteElo "2527"]
[BlackElo "2033"]
[Annotator "RC"]
[PlyCount "111"]
[EventDate "2019.06.21"]
[EventType "swiss"]
[EventCountry "NOR"]
[SourceTitle "playchess.com"]
[Source "ChessBase"]
[SourceQuality "1"]
[TimeControl "40/5400+30:1800+30"]

1. d4 d5 2. c4 e6 3. Nc3 Nf6 4. cxd5 exd5 5. Bg5 Be7 6. e3 c6 7. Bd3 Nbd7 8. Qc2 h6 9. Bh4 O-O 10. Nge2 Re8 11. f3 c5 12. O-O a6 13. a4 b6 14. Rad1 Bb7 15. Kh1 Qc7 16. Bf2 Nf8 17. Ng3 cxd4 18. exd4 Ne6 19. Nf5 Bf8 20. Bg3 Qd8 21. Qd2 Nh5 22. Bh4 Qc7 23. Ne2 Nef4 24. Rc1 Qb8 25. Nxf4 Qxf4 26. Qf2 g6 27. g4 gxf5 28. gxh5 Be7 29. Bg3 Qg5 30. Rg1 Kf8 31. Be5 Qxh5 32. Rc7 Bc8 33. Qg3 Qg5 34. Qh3 f4 35. Rxc8 Raxc8 36. Rxg5 Bxg5 37. Qf5 Rc1+ 38. Kg2 Re6 39. Bxf4 Bxf4 40. Qxf4 Ra1 41. Bf5 Rf6 42. Qe5 Kg7 43. b3 Ra2+ 44. Kg3 Ra1 45. Qxd5 Rg1+ 46. Kf4 Rg5 47. h4 Rg2 48. Ke3 a5 49. Kd3 Rg1 50. Qe5 Rc1 51. d5 Rc5 52. Kd4 h5 53. Ke4 Rc1 54. Kf4 Rg1 55. Qd4 Rh1 56. Kg5 1-0

[Event "Nordic Chess-ch 2019"]
[Site "Sarpsborg"]
[Date "2019.06.21"]
[Round "1.7"]
[White "Gretarsson, Helgi Ass"]
[Black "Stellas, Dimitrios"]
[Result "1-0"]
[ECO "D11"]
[WhiteElo "2433"]
[BlackElo "1976"]
[Annotator "RC"]
[PlyCount "89"]
[EventDate "2019.06.21"]
[EventType "swiss"]
[EventCountry "NOR"]
[SourceTitle "playchess.com"]
[Source "ChessBase"]
[SourceQuality "1"]
[TimeControl "40/5400+30:1800+30"]

1. d4 d5 2. Nf3 Nf6 3. g3 Bf5 4. Bg2 e6 5. O-O h6 6. c4 c6 7. Nc3 Nbd7 8. Qb3 Qb6 9. c5 Qc7 10. Bf4 Qc8 11. Rac1 Be7 12. h3 Ne4 13. Nd2 Nxd2 14. Bxd2 O-O 15. e4 Bh7 16. Rfe1 Bf6 17. Be3 Re8 18. Qd1 Nf8 19. b4 a6 20. h4 Qd7 21. e5 Bd8 22. h5 f6 23. Bf4 Qf7 24. exf6 Bxf6 25. Be5 Nd7 26. f4 Bxe5 27. dxe5 a5 28. a3 axb4 29. axb4 Ra3 30. Bf3 Kh8 31. Qd4 Nf8 32. Ra1 Rea8 33. Rxa3 Rxa3 34. Kf2 Qf5 35. Rc1 Rb3 36. Ke3 Ra3 37. g4 Qf7 38. b5 cxb5 39. Qb4 Ra6 40. Nxb5 Rc6 41. Nd6 Qc7 42. Qxb7 d4+ 43. Kf2 Qa5 44. Ne8 Qd2+ 45. Kg3 1-0

[Event "Nordic Chess-ch 2019"]
[Site "Sarpsborg"]
[Date "2019.06.21"]
[Round "1.9"]
[White "Lindgren, Philip"]
[Black "Schouten, Mathias Lind"]
[Result "1-0"]
[ECO "A57"]
[WhiteElo "2384"]
[BlackElo "1967"]
[Annotator "RC"]
[PlyCount "45"]
[EventDate "2019.06.21"]
[EventType "swiss"]
[EventCountry "NOR"]
[SourceTitle "playchess.com"]
[Source "ChessBase"]
[SourceQuality "1"]
[TimeControl "40/5400+30:1800+30"]

1. d4 Nf6 2. c4 c5 3. d5 b5 4. a4 b4 5. Nd2 d6 6. e4 g6 7. Bd3 Bg7 8. f4 Bg4 9. Ngf3 Nh5 10. Nf1 Qc8 11. h3 Bxf3 12. Qxf3 O-O 13. g4 Nf6 14. Ng3 e5 15. f5 Ne8 16. h4 Qd7 17. b3 Na6 18. Ra2 h6 19. g5 Kh7 20. f6 Bh8 21. h5 Rg8 22. hxg6+ Rxg6 23. Rah2 1-0

[Event "Nordic Chess-ch 2019"]
[Site "Sarpsborg"]
[Date "2019.06.21"]
[Round "1.10"]
[White "Tenold, Andreas"]
[Black "Getz, Nicolai"]
[Result "0-1"]
[ECO "A42"]
[WhiteElo "1959"]
[BlackElo "2380"]
[Annotator "RC"]
[PlyCount "120"]
[EventDate "2019.06.21"]
[EventType "swiss"]
[EventCountry "NOR"]
[SourceTitle "playchess.com"]
[Source "ChessBase"]
[SourceQuality "1"]
[TimeControl "40/5400+30:1800+30"]

1. d4 d6 2. c4 g6 3. Nc3 Bg7 4. e4 Nc6 5. Be3 e5 6. d5 Nce7 7. f3 f5 8. Bd3 Nf6 9. Qd2 O-O 10. h3 f4 11. Bf2 c5 12. O-O-O a6 13. b3 Bd7 14. Kb2 Qb8 15. a4 b6 16. Nge2 Ne8 17. Ra1 Nc7 18. Rhb1 a5 19. Rh1 g5 20. Nc1 Ng6 21. Be2 Ne8 22. Nd3 Nf6 23. Rag1 h6 24. Be1 Kf7 25. Nf2 Rh8 26. Ng4 h5 27. Nxf6 Bxf6 28. Qd1 Qb7 29. Bd2 Rag8 30. Qf1 Qc8 31. Nd1 Rg7 32. Nf2 Rh6 33. Qd1 Qd8 34. Bc1 Ne7 35. Bd2 Rhg6 36. g4 fxg3 37. Rxg3 Ng8 38. Rhg1 Nh6 39. Qc1 Kg8 40. R3g2 Kh7 41. Ka2 Nf7 42. Qd1 Nh8 43. Nh1 Rh6 44. Qc1 Bxh3 45. Bxg5 Bxg2 46. Bxh6 Rg6 47. Be3 Qe7 48. Nf2 Bh4 49. Nd3 Nf7 50. Ne1 Bxe1 51. Qxe1 h4 52. Bf2 h3 53. Bg3 Qg5 54. Bh2 Qe3 55. Bd1 Qxe1 56. Rxe1 Rf6 57. Re3 Ng5 58. Kb2 Bxf3 59. Bxf3 Nxf3 60. Re2 Rg6 0-1

[Event "Nordic Chess-ch 2019"]
[Site "Sarpsborg"]
[Date "2019.06.21"]
[Round "1.14"]
[White "Jashari, Driton"]
[Black "Ernst, Thomas"]
[Result "0-1"]
[ECO "B30"]
[WhiteElo "1755"]
[BlackElo "2342"]
[Annotator "RC"]
[PlyCount "107"]
[EventDate "2019.06.21"]
[EventType "swiss"]
[EventCountry "NOR"]
[SourceTitle "playchess.com"]
[Source "ChessBase"]
[SourceQuality "1"]
[TimeControl "40/5400+30:1800+30"]

1. e4 c5 2. Nf3 d6 3. Nc3 Nf6 4. d3 Nc6 5. Be2 e6 6. Bg5 Be7 7. h3 d5 8. exd5 Nxd5 9. Bxe7 Ndxe7 10. Ne4 b6 11. c3 O-O 12. Qc2 e5 13. Rd1 h6 14. Rd2 Ng6 15. O-O Nf4 16. Rfd1 Nxe2+ 17. Rxe2 Be6 18. b3 Rc8 19. Ng3 Qd5 20. Nf1 Rfd8 21. Ne3 Qd7 22. Red2 Qe7 23. Nc4 Qf6 24. Nh2 Qg6 25. Kh1 Rd5 26. Ne3 Rd7 27. Qb2 Rcd8 28. Qc2 Qh5 29. f3 Qg5 30. Neg4 Bf5 31. Nf2 Bh7 32. Ne4 Qf4 33. g3 Qf5 34. Kg2 Qe6 35. Ng4 f5 36. Ngf2 fxe4 37. fxe4 Rf7 38. Ng4 Rdf8 39. Ne3 Rf3 40. Rf1 Qf7 41. Rdf2 Rxf2+ 42. Rxf2 Qxf2+ 43. Qxf2 Rxf2+ 44. Kxf2 Kf7 45. Kf3 Ke6 46. Nd5 Kd6 47. Ne3 b5 48. Nd5 Bg8 49. Ne3 Be6 50. Nc2 b4 51. c4 Bxh3 52. g4 Nd4+ 53. Nxd4 exd4 54. Kf4 0-1

[Event "Nordic Chess-ch 2019"]
[Site "Sarpsborg"]
[Date "2019.06.21"]
[Round "1.25"]
[White "Ptacnikova, Lenka"]
[Black "Skaar, Ben Samuel Groth"]
[Result "1-0"]
[ECO "A36"]
[WhiteElo "2145"]
[BlackElo "1362"]
[Annotator "RC"]
[PlyCount "59"]
[EventDate "2019.06.21"]
[EventType "swiss"]
[EventCountry "NOR"]
[SourceTitle "playchess.com"]
[Source "ChessBase"]
[SourceQuality "1"]
[TimeControl "40/5400+30:1800+30"]

1. c4 c5 2. g3 g6 3. Bg2 Bg7 4. Nc3 Nf6 5. Nh3 Nc6 6. Nf4 e6 7. h4 h5 8. d3 b6 9. Bd2 Bb7 10. a3 Qc7 11. b4 cxb4 12. axb4 Nd4 13. e4 O-O 14. O-O Rfd8 15. Re1 e5 16. Nfe2 Ne6 17. Ra2 a5 18. Nb5 Qb8 19. bxa5 Bc6 20. Qb1 Bxb5 21. cxb5 bxa5 22. Rxa5 Rxa5 23. Bxa5 Rc8 24. b6 Nd8 25. Qb5 Nb7 26. Bb4 d6 27. Nc3 Bh6 28. Rd1 Nc5 29. Bh3 Ng4 30. Nd5 1-0

[Event "Nordic Chess-ch 2019"]
[Site "Sarpsborg"]
[Date "2019.06.21"]
[Round "1.30"]
[White "Nizar, Siako"]
[Black "Wahlund, Max"]
[Result "0-1"]
[ECO "A21"]
[WhiteElo "1209"]
[BlackElo "2103"]
[Annotator "RC"]
[PlyCount "52"]
[EventDate "2019.06.21"]
[EventType "swiss"]
[EventCountry "NOR"]
[SourceTitle "playchess.com"]
[Source "ChessBase"]
[SourceQuality "1"]
[TimeControl "40/5400+30:1800+30"]

1. c4 e5 2. Nc3 Bb4 3. g3 Bxc3 4. dxc3 Nc6 5. Bg2 d6 6. f4 Nf6 7. fxe5 dxe5 8. Qxd8+ Nxd8 9. e4 O-O 10. Bg5 Ng4 11. Nh3 Ne6 12. Bd2 Rd8 13. b4 b6 14. Rd1 Ba6 15. b5 Bb7 16. O-O Nc5 17. Nf2 Nxf2 18. Rxf2 Bxe4 19. Rdf1 Bxg2 20. Kxg2 Ne4 21. Be3 Nxf2 22. Bxf2 Rd2 23. Re1 f6 24. Kg1 Rad8 25. c5 Rd1 26. cxb6 axb6 0-1

[Event "Nordic Chess-ch 2019"]
[Site "Sarpsborg"]
[Date "2019.06.21"]
[Round "1.36"]
[White "Hauge, Tor Arne"]
[Black "Larsen, Bjorn H."]
[Result "1-0"]
[ECO "A01"]
[WhiteElo "2022"]
[BlackElo "2005"]
[Annotator "NA RC"]
[PlyCount "73"]
[EventDate "2019.06.21"]
[EventType "swiss"]
[EventCountry "NOR"]
[SourceTitle "playchess.com"]
[Source "ChessBase"]
[SourceQuality "1"]
[TimeControl "40/5400+30:1800+30"]

1. b3 e5 2. Bb2 Nc6 3. c4 Bc5 4. Nc3 a6 5. g3 f5 6. Bg2 d6 7. e3 Nf6 8. Nge2 O-O 9. O-O Ba7 10. d4 exd4 11. exd4 Re8 12. d5 Ne5 13. Nf4 Qe7 14. Qd2 Qf7 15. Rae1 Bd7 16. h3 Re7 17. Kh2 Rae8 18. f3 Nh5 19. Nce2 Nxf4 20. Nxf4 h6 21. Ne6 Bxe6 22. dxe6 Qf8 23. f4 Nc6 24. g4 Bb6 25. Bc3 a5 26. gxf5 Qxf5 27. Be4 Qh5 28. Qg2 Kh8 29. Bg6 Qh4 30. Bxe8 Nd4 31. Bf7 Nf5 32. Qg4 Qxg4 33. hxg4 Ne3 34. Rxe3 Bxe3 35. Kg3 c6 36. Rh1 Kh7 37. g5 1-0

[Event "Nordic Chess-ch 2019"]
[Site "Sarpsborg"]
[Date "2019.06.21"]
[Round "1.37"]
[White "Heikkila, Raine"]
[Black "Mirza, Raad"]
[Result "0-1"]
[ECO "A52"]
[WhiteElo "1663"]
[BlackElo "1991"]
[Annotator "NA RC"]
[PlyCount "96"]
[EventDate "2019.06.21"]
[EventType "swiss"]
[EventCountry "NOR"]
[SourceTitle "playchess.com"]
[Source "ChessBase"]
[SourceQuality "1"]
[TimeControl "40/5400+30:1800+30"]

1. d4 Nf6 2. c4 e5 3. dxe5 Ng4 4. Qd4 d6 5. Nf3 Nc6 6. Qe4 Ngxe5 7. Bf4 Qf6 8. Nc3 Bf5 9. Qe3 O-O-O 10. Nd5 Nxf3+ 11. gxf3 Qxb2 12. Qc3 Qxc3+ 13. Nxc3 Nb4 14. O-O-O g6 15. e4 Bg7 16. Bd2 Bxc3 17. Bxc3 Nxa2+ 18. Kb2 Nxc3 19. Kxc3 Bd7 20. Ra1 Kb8 21. Bd3 Rhf8 22. Rhb1 f5 23. Rb2 b6 24. Rba2 a5 25. Rb2 Ka7 26. Kd4 Bc8 27. Rba2 Rde8 28. Kc3 Re5 29. Kd4 Rc5 30. Ke3 Be6 31. Ra4 Bd7 32. R4a2 fxe4 33. fxe4 Be6 34. Ra4 Rh5 35. Be2 Rh3+ 36. f3 Rxh2 37. Rf1 Kb7 38. Rb1 Kc8 39. Rd1 g5 40. Rd2 Rh3 41. e5 Bd7 42. Ra1 Re8 43. Rg1 Rxe5+ 44. Kf2 Rh2+ 45. Kf1 h6 46. Rg3 Be6 47. f4 Rexe2 48. Rxe2 Bxc4 0-1

[Event "Nordic Chess-ch 2019"]
[Site "Sarpsborg"]
[Date "2019.06.21"]
[Round "1.38"]
[White "Skogheim, Ole Morten"]
[Black "Bergquist, Rune"]
[Result "1-0"]
[ECO "B12"]
[WhiteElo "1950"]
[BlackElo "1609"]
[Annotator "NA RC"]
[PlyCount "67"]
[EventDate "2019.06.21"]
[EventType "swiss"]
[EventCountry "NOR"]
[SourceTitle "playchess.com"]
[Source "ChessBase"]
[SourceQuality "1"]
[TimeControl "40/5400+30:1800+30"]

1. e4 c6 2. d4 d5 3. e5 c5 4. dxc5 Nc6 5. Nf3 e6 6. a3 a5 7. Be3 Nge7 8. Nc3 Nf5 9. Bg5 Be7 10. Bxe7 Qxe7 11. Bd3 Qxc5 12. Bxf5 exf5 13. Qxd5 Qe7 14. O-O-O Be6 15. Qd6 O-O 16. Qxe7 Nxe7 17. Nd4 Ng6 18. Nxe6 fxe6 19. Rhe1 Rad8 20. Rd6 Kf7 21. Rb6 Rd7 22. Nb5 Rfd8 23. Nd6+ Ke7 24. Rxb7 Nxe5 25. Rxd7+ Rxd7 26. Rxe5 Rxd6 27. Rxa5 Kf6 28. Rc5 e5 29. b4 e4 30. b5 f4 31. Rc6 Rxc6 32. bxc6 Ke6 33. Kd2 g5 34. Kc3 1-0

[Event "Nordic Chess-ch 2019"]
[Site "Sarpsborg"]
[Date "2019.06.21"]
[Round "1.39"]
[White "Thorvlaksson, Baldvin"]
[Black "Kirppo, Ronny"]
[Result "0-1"]
[ECO "B58"]
[WhiteElo "1523"]
[BlackElo "1910"]
[Annotator "NA RC"]
[PlyCount "108"]
[EventDate "2019.06.21"]
[EventType "swiss"]
[EventCountry "NOR"]
[SourceTitle "playchess.com"]
[Source "ChessBase"]
[SourceQuality "1"]
[TimeControl "40/5400+30:1800+30"]

1. e4 c5 2. Nf3 Nc6 3. d4 cxd4 4. Nxd4 Nf6 5. Nc3 d6 6. Be2 e5 7. Nf3 h6 8. O-O Be6 9. Be3 Be7 10. a3 O-O 11. h3 Rc8 12. Bd3 a6 13. Qe2 Na5 14. Nd2 d5 15. exd5 Nxd5 16. Nxd5 Qxd5 17. f4 exf4 18. Bxf4 b5 19. Qe4 Qxe4 20. Nxe4 Rfd8 21. Nd2 Bc5+ 22. Kh1 Bd4 23. Rfb1 Nc4 24. Nxc4 Bxc4 25. Be4 Bd5 26. Bxd5 Rxd5 27. c3 Bf6 28. Rf1 Kh7 29. Rad1 Rcd8 30. Rxd5 Rxd5 31. Kg1 g5 32. Bc1 Kg6 33. Kh1 Be5 34. Kg1 Bg3 35. Be3 Be5 36. Kf2 f5 37. Ke2 f4 38. Bf2 Kf5 39. Rd1 Rxd1 40. Kxd1 Ke4 41. Ke2 h5 42. Be1 a5 43. Bd2 a4 44. Be1 Bf6 45. Bf2 g4 46. hxg4 hxg4 47. Be1 Bg5 48. Bf2 f3+ 49. gxf3+ gxf3+ 50. Kd1 Kd3 51. Bd4 Bh4 52. Kc1 f2 53. Bxf2 Bxf2 54. Kd1 Be3 0-1

[Event "Nordic Chess-ch 2019"]
[Site "Sarpsborg"]
[Date "2019.06.21"]
[Round "1.40"]
[White "Rukovci, Shemsi"]
[Black "Eriksen, Oddvar"]
[Result "1-0"]
[ECO "C42"]
[WhiteElo "1907"]
[BlackElo "1520"]
[Annotator "NA RC"]
[PlyCount "27"]
[EventDate "2019.06.21"]
[EventType "swiss"]
[EventCountry "NOR"]
[SourceTitle "playchess.com"]
[Source "ChessBase"]
[SourceQuality "1"]
[TimeControl "40/5400+30:1800+30"]

1. e4 e5 2. Nf3 Nf6 3. Bc4 Bc5 4. Nxe5 O-O 5. d4 Be7 6. Nc3 d6 7. Nf3 Bg4 8. Be2 Nbd7 9. O-O c5 10. e5 Bxf3 11. exf6 Bxe2 12. fxe7 Qxe7 13. Qxe2 Rfe8 14. Qxe7 1-0

[Event "Nordic Chess-ch 2019"]
[Site "Sarpsborg"]
[Date "2019.06.21"]
[Round "1.41"]
[White "Lilleng, Gunnar"]
[Black "Andersen, Harry"]
[Result "0-1"]
[ECO "A45"]
[WhiteElo "1485"]
[BlackElo "1905"]
[Annotator "NA RC"]
[PlyCount "120"]
[EventDate "2019.06.21"]
[EventType "swiss"]
[EventCountry "NOR"]
[SourceTitle "playchess.com"]
[Source "ChessBase"]
[SourceQuality "1"]
[TimeControl "40/5400+30:1800+30"]

1. d4 Nf6 2. c3 g6 3. Bg5 Ne4 4. Bf4 Bg7 5. f3 Nf6 6. e4 d5 7. e5 Nfd7 8. Bb5 c6 9. Bd3 c5 10. Ne2 O-O 11. O-O cxd4 12. cxd4 Qb6 13. Qb3 Qxb3 14. axb3 Nc6 15. Nd2 Nb4 16. Bb1 b6 17. Nc1 a5 18. Na2 Ba6 19. Re1 Nc6 20. Be3 Rfc8 21. Nc3 Nb4 22. f4 Nf8 23. Nf3 Rc7 24. Rd1 Rac8 25. Ne1 Bh6 26. Nd3 Bxd3 27. Bxd3 Rxc3 28. bxc3 Rxc3 29. Bd2 Rxd3 30. Bxb4 Rxd1+ 31. Rxd1 axb4 32. g3 Ne6 33. Kf2 Nc7 34. Rc1 Nb5 35. Rc8+ Bf8 36. Ke3 Nc3 37. Rc6 b5 38. Rc8 e6 39. Rb8 Kg7 40. Rb7 h6 41. Kd3 g5 42. fxg5 hxg5 43. Ke3 g4 44. Kd3 Kg6 45. Ra7 Bh6 46. Ra1 Ne4 47. Rf1 Nd2 48. Rf6+ Kg7 49. Rxh6 Kxh6 50. Kxd2 Kg5 51. Ke3 Kf5 52. Kd3 f6 53. exf6 Kxf6 54. Ke2 e5 55. Ke3 Ke6 56. Kd3 exd4 57. Kxd4 Kd6 58. Ke3 Ke5 59. Kd3 d4 60. Ke2 Ke4 0-1

[Event "Nordic Chess-ch 2019"]
[Site "Sarpsborg"]
[Date "2019.06.21"]
[Round "1.42"]
[White "Gonzalez, Francisco Silva"]
[Black "Blauhut, Anna"]
[Result "1-0"]
[ECO "D52"]
[WhiteElo "2095"]
[BlackElo "1156"]
[Annotator "NA RC"]
[PlyCount "95"]
[EventDate "2019.06.21"]
[EventType "swiss"]
[EventCountry "NOR"]
[SourceTitle "playchess.com"]
[Source "ChessBase"]
[SourceQuality "1"]
[TimeControl "40/5400+30:1800+30"]

1. d4 d5 2. c4 e6 3. Nc3 Nf6 4. Bg5 c6 5. e3 Bd6 6. Nf3 O-O 7. Bd3 Nbd7 8. a3 h6 9. Bh4 b6 10. O-O Bb7 11. b4 c5 12. cxd5 exd5 13. Nb5 Be7 14. bxc5 bxc5 15. dxc5 Nxc5 16. Bc2 Ba6 17. a4 Qd7 18. Nfd4 Nfe4 19. Bxe7 Qxe7 20. Nc6 Qe6 21. Qxd5 Qxd5 22. Ne7+ Kh8 23. Nxd5 Rfd8 24. Ndc7 Bxb5 25. axb5 Rab8 26. Rxa7 Rd7 27. f3 Nd6 28. Rd1 Nxb5 29. Rxd7 Nxa7 30. Rxf7 Kg8 31. Rf5 Nd7 32. Nd5 Nb5 33. Ne7+ Kh8 34. Ba4 Re8 35. Ng6+ Kh7 36. Bxb5 Kxg6 37. Bxd7 Re7 38. Rd5 Rxe3 39. Kf2 Re7 40. h4 h5 41. g4 hxg4 42. fxg4 Rf7+ 43. Kg3 Rf8 44. g5 Kh7 45. Bf5+ Kh8 46. g6 Kg8 47. Be6+ Kh8 48. Rh5# 1-0

[Event "Nordic Chess-ch 2019"]
[Site "Sarpsborg"]
[Date "2019.06.22"]
[Round "2.2"]
[White "Westerberg, Jonathan"]
[Black "Hobber, Anders"]
[Result "1-0"]
[ECO "C01"]
[WhiteElo "2545"]
[BlackElo "2282"]
[Annotator "ChessBase"]
[PlyCount "81"]
[EventDate "2019.06.21"]
[EventType "swiss"]
[EventCountry "NOR"]
[SourceTitle "playchess.com"]
[Source "ChessBase"]
[SourceQuality "1"]
[TimeControl "40/5400+30:1800+30"]

1. e4 e6 2. d4 d5 3. Nc3 Nf6 4. exd5 exd5 5. Bg5 Be7 6. Qd2 O-O 7. O-O-O Re8 8. f3 c6 9. Bd3 b5 10. Re1 Nbd7 11. Nge2 Nb6 12. Ng3 b4 13. Nd1 Be6 14. Kb1 Nc4 15. Qc1 a5 16. Bf5 Qd7 17. Bxe6 fxe6 18. Nf2 a4 19. Nd3 b3 20. cxb3 axb3 21. axb3 Na5 22. Qc3 Reb8 23. b4 Nc4 24. Bxf6 Bxf6 25. Nc5 Qa7 26. Kc2 Qf7 27. Ra1 e5 28. Qd3 exd4 29. Nf5 Ne3+ 30. Nxe3 dxe3 31. Qxe3 Qg6+ 32. Nd3 Qxg2+ 33. Kb3 Rxa1 34. Rxa1 Qxh2 35. Qe6+ Kh8 36. Qxc6 Qd2 37. Qxd5 Bxb2 38. Ra8 Qd1+ 39. Kxb2 Qd2+ 40. Kb3 Qd1+ 41. Kc3 1-0

[Event "Nordic Chess-ch 2019"]
[Site "Sarpsborg"]
[Date "2019.06.22"]
[Round "2.3"]
[White "Altarbosh, Ward"]
[Black "Chatalbashev, Boris"]
[Result "1-0"]
[ECO "B07"]
[WhiteElo "2250"]
[BlackElo "2527"]
[Annotator "ChessBase"]
[PlyCount "65"]
[EventDate "2019.06.21"]
[EventType "swiss"]
[EventCountry "NOR"]
[SourceTitle "playchess.com"]
[Source "ChessBase"]
[SourceQuality "1"]
[TimeControl "40/5400+30:1800+30"]

1. e4 g6 2. d4 Bg7 3. Nf3 d6 4. c3 Nf6 5. Bd3 O-O 6. O-O Nbd7 7. Nbd2 e5 8. Re1 b6 9. a4 a6 10. b4 Bb7 11. Nb3 d5 12. exd5 Nxd5 13. Bg5 Nxc3 14. Qc2 f6 15. Qxc3 fxg5 16. Nxe5 Nxe5 17. dxe5 Rf4 18. Rad1 Qf8 19. Qxc7 Bd5 20. Nd2 Qxb4 21. e6 Bc3 22. Qd7 Qd4 23. Re3 Ba2 24. Ne4 Bb3 25. Rb1 Bxa4 26. Qc7 Bb4 27. Nxg5 Rh4 28. Qf7+ Kh8 29. e7 Re8 30. Ne6 Qc3 31. Bxg6 hxg6 32. Rxc3 Bxc3 33. Qf8+ 1-0

[Event "Nordic Chess-ch 2019"]
[Site "Sarpsborg"]
[Date "2019.06.22"]
[Round "2.4"]
[White "Urkedal, Frode Olav Olsen"]
[Black "Vitenberg, Noam Aviv"]
[Result "1-0"]
[ECO "C16"]
[WhiteElo "2525"]
[BlackElo "2256"]
[Annotator "ChessBase"]
[PlyCount "83"]
[EventDate "2019.06.21"]
[EventType "swiss"]
[EventCountry "NOR"]
[SourceTitle "playchess.com"]
[Source "ChessBase"]
[SourceQuality "1"]
[TimeControl "40/5400+30:1800+30"]

1. e4 e6 2. d4 d5 3. Nc3 Bb4 4. e5 Ne7 5. a3 Bxc3+ 6. bxc3 b6 7. Qg4 Kf8 8. Nh3 Ba6 9. Bxa6 Nxa6 10. Nf4 Nf5 11. h4 c5 12. Qe2 Nb8 13. h5 h6 14. g4 Ne7 15. Be3 Nbc6 16. Nd3 Na5 17. dxc5 Qc7 18. O-O Nc4 19. Bd4 Kg8 20. f4 bxc5 21. Nxc5 Nc6 22. Rab1 Qa5 23. Qd3 Rc8 24. a4 Qd8 25. Rf2 Rb8 26. Rbf1 Qa5 27. Re2 Nb2 28. Qe3 Nc4 29. Qf2 Rc8 30. f5 N6xe5 31. fxe6 f6 32. Nd7 Qd8 33. Nxe5 Nxe5 34. Bxe5 fxe5 35. Qf7+ Kh7 36. Qg6+ Kg8 37. Rf7 Rh7 38. e7 Qb6+ 39. Ref2 Qc5 40. Qe6 Rh8 41. Rf8+ Kh7 42. Qg6# 1-0

[Event "Nordic Chess-ch 2019"]
[Site "Sarpsborg"]
[Date "2019.06.22"]
[Round "2.5"]
[White "Haugli, Petter"]
[Black "Notkevich, Benjamin Arvola"]
[Result "0-1"]
[ECO "A37"]
[WhiteElo "2223"]
[BlackElo "2485"]
[Annotator "ChessBase"]
[PlyCount "36"]
[EventDate "2019.06.21"]
[EventType "swiss"]
[EventCountry "NOR"]
[SourceTitle "playchess.com"]
[Source "ChessBase"]
[SourceQuality "1"]
[TimeControl "40/5400+30:1800+30"]

1. c4 c5 2. Nc3 g6 3. g3 Bg7 4. Bg2 Nc6 5. Nf3 e6 6. d4 cxd4 7. Nb5 d5 8. cxd5 Qa5+ 9. Nd2 exd5 10. Nd6+ Kf8 11. Qb3 Nge7 12. O-O Be6 13. Nxb7 Qb6 14. Qxb6 axb6 15. Nf3 Ke8 16. a3 Kd7 17. Bf4 h6 18. h4 Nc8 0-1

[Event "Nordic Chess-ch 2019"]
[Site "Sarpsborg"]
[Date "2019.06.22"]
[Round "2.6"]
[White "Holm, Kristian Stuvik"]
[Black "Thorn, Eric"]
[Result "0-1"]
[ECO "A18"]
[WhiteElo "2474"]
[BlackElo "2230"]
[Annotator "ChessBase"]
[PlyCount "92"]
[EventDate "2019.06.21"]
[EventType "swiss"]
[EventCountry "NOR"]
[SourceTitle "playchess.com"]
[Source "ChessBase"]
[SourceQuality "1"]
[TimeControl "40/5400+30:1800+30"]

1. c4 Nf6 2. Nc3 e6 3. e4 d5 4. e5 d4 5. exf6 dxc3 6. bxc3 Qxf6 7. d4 c5 8. Nf3 cxd4 9. Bg5 Qf5 10. cxd4 Bb4+ 11. Bd2 Qa5 12. Bd3 Nc6 13. Be4 Bd7 14. Rb1 Bxd2+ 15. Qxd2 O-O-O 16. Qxa5 Nxa5 17. Ke2 f5 18. Bd3 Bc6 19. Rhe1 Bxf3+ 20. Kxf3 Rxd4 21. Bf1 Re8 22. Rb5 Nc6 23. Rxf5 Rd2 24. Rf7 Rxa2 25. g4 a5 26. Kg3 Re7 27. Rxe7 Nxe7 28. Rxe6 Kd7 29. Rb6 Kc7 30. c5 Rc2 31. Bg2 Rc3+ 32. Kf4 Ng6+ 33. Ke4 Rxc5 34. Rb2 b5 35. Bf1 Kb6 36. f4 a4 37. f5 Ne5 38. g5 Nf7 39. Kf4 a3 40. Rd2 b4 41. Rd4 a2 42. Rxb4+ Ka5 43. Rb8 Ka4 44. Bd3 a1=Q 45. Bc2+ Ka3 46. Rb3+ Ka2 0-1

[Event "Nordic Chess-ch 2019"]
[Site "Sarpsborg"]
[Date "2019.06.22"]
[Round "2.7"]
[White "Abdrlauf, Elham"]
[Black "Gretarsson, Helgi Ass"]
[Result "1/2-1/2"]
[ECO "A65"]
[WhiteElo "2207"]
[BlackElo "2433"]
[Annotator "NA"]
[PlyCount "26"]
[EventDate "2019.06.21"]
[EventType "swiss"]
[EventCountry "NOR"]
[SourceTitle "playchess.com"]
[Source "ChessBase"]
[SourceQuality "1"]
[TimeControl "40/5400+30:1800+30"]

1. e4 g6 2. d4 Bg7 3. c4 c5 4. d5 d6 5. Nc3 Nf6 6. Nge2 O-O 7. f3 e6 8. Ng3 exd5 9. cxd5 a6 10. a4 Nbd7 11. Be2 Qc7 12. Be3 h5 13. O-O Re8 1/2-1/2

[Event "Nordic Chess-ch 2019"]
[Site "Sarpsborg"]
[Date "2019.06.22"]
[Round "2.8"]
[White "Ogaard, Leif"]
[Black "Sjoberg, Isak"]
[Result "1/2-1/2"]
[ECO "E61"]
[WhiteElo "2385"]
[BlackElo "2222"]
[Annotator "NA"]
[PlyCount "90"]
[EventDate "2019.06.21"]
[EventType "swiss"]
[EventCountry "NOR"]
[SourceTitle "playchess.com"]
[Source "ChessBase"]
[SourceQuality "1"]
[TimeControl "40/5400+30:1800+30"]

1. Nf3 Nf6 2. c4 g6 3. Nc3 Bg7 4. d4 d6 5. Bf4 O-O 6. e3 Nbd7 7. h3 Nh5 8. Bh2 e5 9. Be2 exd4 10. Nxd4 Nhf6 11. O-O Re8 12. Qc2 Ne5 13. Rad1 Bd7 14. Kh1 Qc8 15. e4 Nc6 16. Nf3 Nxe4 17. Nxe4 Bf5 18. Nfg5 h6 19. g4 hxg5 20. gxf5 Qxf5 21. f3 Nd4 22. Rxd4 Bxd4 23. Bd3 Qxh3 24. Nxg5 Qh4 25. f4 Re1 26. Rxe1 Qxe1+ 27. Kg2 Bg7 28. Bg3 Qa1 29. b3 Re8 30. Nxf7 Kxf7 31. Bxg6+ Kf8 32. Bxe8 Kxe8 33. Qe4+ Kf8 34. Qxb7 Qxa2+ 35. Kh3 Qa5 36. Qc8+ Kf7 37. f5 Qc5 38. Qe6+ Kf8 39. f6 Qh5+ 40. Kg2 Bh6 41. Qe7+ Kg8 42. Qd8+ Bf8 43. Qxc7 Qe2+ 44. Bf2 Qg4+ 45. Kh2 Qh5+ 1/2-1/2

[Event "Nordic Chess-ch 2019"]
[Site "Sarpsborg"]
[Date "2019.06.22"]
[Round "2.9"]
[White "Kvaloy, Aksel Bu"]
[Black "Lindgren, Philip"]
[Result "1/2-1/2"]
[ECO "B90"]
[WhiteElo "2138"]
[BlackElo "2384"]
[Annotator "NA"]
[PlyCount "54"]
[EventDate "2019.06.21"]
[EventType "swiss"]
[EventCountry "NOR"]
[SourceTitle "playchess.com"]
[Source "ChessBase"]
[SourceQuality "1"]
[TimeControl "40/5400+30:1800+30"]

1. e4 c5 2. Nf3 d6 3. d4 cxd4 4. Nxd4 Nf6 5. Nc3 a6 6. Be3 e5 7. Nb3 Be6 8. f3 Nbd7 9. Qd2 h5 10. Nd5 Nxd5 11. exd5 Bf5 12. Be2 Be7 13. Na5 Qc7 14. c4 O-O 15. O-O Bg6 16. b4 f5 17. Bf2 b6 18. Nc6 Bf6 19. Rac1 Bf7 20. a4 a5 21. bxa5 bxa5 22. Rb1 Nc5 23. Rb5 Be8 24. Rfb1 Bxc6 25. dxc6 Qxc6 26. Rb6 Qc7 27. Rxd6 Kh8 1/2-1/2